 Dungeon Crawl Stone Soup version 0.27-a0-828-g8289197e94 (webtiles) character file.

Game seed: 7828277493306097299

99179 robertstho the Brawler (level 15, -1/149 HPs)
             Began as a Troll Fighter on Mar 29, 2021.
             Was the Champion of Lugonu.
             Slain by a spark wasp (17 damage)
             ... on level 2 of the Spider Nest on Mar 30, 2021.
             The game lasted 00:43:47 (22533 turns).

robertstho the Brawler (Troll Fighter)             Turns: 22533, Time: 00:43:48

Health: -1/149     AC: 20    Str: 32    XL:     15   Next: 77%
Magic:  0/18       EV: 11    Int:  8    God:    Lugonu [******]
Gold:   2087       SH: 20    Dex:  9    Spells: 14/14 levels left

rFire    . . .     SeeInvis .   R - +8 flail "Vud Ybum" {drain, rElec Will+ Int+3}
rCold    . . .     Faith    .   b - +0 kite shield
rNeg     + . .     Spirit   +   F - +0 troll leather armour
rPois    +         Reflect  .   q - +2 hat of the Bear Spirit {Spirit, +Rage rN+ Will++}
rElec    +         Harm     .   O - +2 cloak {rPois}
rCorr    .         Rampage  .   (gloves unavailable)
Will     ++++.                  (boots unavailable)
Stlth    +.........             x - brooch of Shielding {Spirit SH+8}
HPRegen  2.34/turn              e - +4 ring of protection
MPRegen  0.16/turn              W - +4 ring of protection

@: very slightly contaminated, invisible
A: large, unfitting armour, claws 3, regeneration 1, shaggy fur 1, tough skin 1
a: Renounce Religion, Evoke Berserk Rage, Depart the Abyss, Bend Space, Banish,
Corrupt, Enter the Abyss, Brand Weapon With Distortion


You were on level 2 of the Spider Nest.
You worshipped Lugonu.
Lugonu was exalted by your worship.
You visited 4 branches of the dungeon, and saw 24 of its levels.
You visited the Abyss 1 time.
You also visited: Sewer and Ossuary.

You collected 2297 gold pieces.
You spent 210 gold pieces at shops.

Inventory:

Hand Weapons
 J - a +2 morningstar of holy wrath
 R - the +8 flail "Vud Ybum" (weapon) {drain, rElec Will+ Int+3}
   (You found it on level 1 of the Lair of Beasts)

   A truly terrible weapon, it drains the life of those it strikes.
   It affects your intelligence (+3).
   It insulates you from electricity.
   It increases your willpower.
Missiles
 N - 24 large rocks (quivered)
Armour
 a - a +2 robe of fire resistance
 b - a +0 kite shield (worn)
 q - the +2 hat of the Bear Spirit (worn) {Spirit, +Rage rN+ Will++}
   (You found it on level 4 of the Dungeon)

   It protects you from negative energy.
   It lets you go berserk.
   It greatly increases your willpower.
 F - a +0 troll leather armour (worn)
 M - a +0 cloak of preservation
 O - a +2 cloak of poison resistance (worn)
Jewellery
 e - a +4 ring of protection (left claw)
 u - a ring of positive energy
 x - the brooch of Shielding (around neck) {Spirit SH+8}
   (You found it on level 5 of the Dungeon)

   [amulet of guardian spirit]

   It causes incoming damage to be divided between your reserves of health and
   magic.
   It affects your SH (+8).
 A - a ring of resist corrosion
 C - the ring of the Mage {Wiz Will++ Int+3}
   (You found it on level 10 of the Dungeon)

   [ring of wizardry]

   It improves your spell success rate.
   It affects your intelligence (+3).
   It greatly increases your willpower.
 E - a +6 ring of strength
 W - a +4 ring of protection (right claw)
Wands
 i - a wand of paralysis (24)
 j - a wand of digging (17)
 o - a wand of charming (9)
 D - a wand of mindburst (21)
 L - a wand of flame (59)
 S - a wand of random effects (24)
 V - a wand of polymorph (6)
Scrolls
 d - 3 scrolls of magic mapping
 g - 8 scrolls of teleportation
 h - 3 scrolls of fog {unknown}
 n - 3 scrolls of silence
 v - 3 scrolls of holy word
 y - 3 scrolls of enchant weapon
 G - 2 scrolls of immolation
 Q - 3 scrolls of brand weapon
 U - 2 scrolls of enchant armour
Potions
 c - 7 potions of might
 k - 7 potions of curing
 l - 6 potions of magic {unknown}
 m - 6 potions of lignification {unknown}
 p - 4 potions of flight
 r - 4 potions of ambrosia
 s - 2 potions of berserk rage
 t - a potion of cancellation
 w - 2 potions of brilliance
 z - 4 potions of mutation
 K - a potion of invisibility
 T - 2 potions of haste
Miscellaneous
 H - a box of beasts (inert)
 I - a phantom mirror
 X - a tin of tremorstones (inert)


   Skills:
 * Level 10.0 Fighting
 + Level 7.2 Maces & Flails
 + Level 0.5 Throwing
 * Level 6.1 Armour
 + Level 7.8 Dodging
 - Level 1.4 Stealth
 + Level 10.5 Shields
 * Level 16.9 Unarmed Combat
 * Level 5.7 Invocations
 + Level 2.5 Evocations


You had 14 spell levels left.
You didn't know any spells.
Your spell library contained the following spells:

 Spells                   Type           Power      Damage    Failure   Level
 Magic Dart               Conj           0%         1d3       43%         1
 Searing Ray              Conj           0%         3d3       56%         2
 Dazzling Flash           Conj/Hex       0%         N/A       80%         3
 Cause Fear               Hex            0%         N/A       99%         4
 Fulminant Prism          Conj/Hex       0%         3d6       99%         4
 Iskenderun's Mystic Bla  Conj/Tloc      0%         2d3       99%         4
 Summon Lightning Spire   Summ/Air       0%         N/A       99%         4
 Silence                  Hex/Air        0%         N/A       100%        5
 Yara's Violent Unravell  Hex/Tmut       0%         3d3       100%        5
 Conjure Ball Lightning   Conj/Air       0%         3x3d6     100%        6
 Discord                  Hex            0%         N/A       100%        8
 Tornado                  Air            0%         N/A       100%        9


Dungeon Overview and Level Annotations

Branches:
Dungeon (14/15)            Temple (0/1) D:7            Lair (6/6) D:8
 Shoals (0/4) Lair:3       Spider (2/4) Lair:3        Slime (0/5) Lair:6
    Orc (2/2) D:10            Elf (0/3) Orc:2        Vaults (0/5) D:14
  Sewer (visited)         Ossuary (visited)

Altars:
Ashenzari
Cheibriados
Nemelex Xobeh
Okawaru
Qazlal
Ru
Trog
Vehumet
Xom
The Shining One
Beogh

Shops:
D:4 =   D:10 [   Orc:2 :([

Annotations:
D:6 pokeman's ghost, novice DEWz
Orc:1 2 transporters


Innate Abilities, Weirdness & Mutations

You are too large for most types of armour.
You have claws for hands.
Your natural rate of healing is unusually fast.
You are covered in fur. (AC +1)
You have tough skin. (AC +1)


Message History

You block the demonic crawler's attack. x2
The demonic crawler hits you but does no damage.
Unknown command.
The jumping spider leaps! x2
You open the lid... ...and a larval oxshock beast leaps out!
The box is emptied!
You block the jumping spider's attack. x2
The jumping spider leaps!
Unknown command.
A spark wasp comes into view.
The spark wasp buzzes angrily.
The jumping spider leaps! x2
The spark wasp bursts into living lightning!
The living lightning hits you. You resist.
* * * LOW HITPOINT WARNING * * *
The spark wasp blinks! x2
Your larval oxshock beast hits the wolf spider.
Your larval oxshock beast tramples the wolf spider.
The wolf spider holds its ground!
You fade into invisibility!
The spark wasp stings you!!
* * * LOW HITPOINT WARNING * * *
The spark wasp shocks you. You resist.
* * * LOW HITPOINT WARNING * * *
The wolf spider hits you but does no damage.
The wolf spider bites you but does no damage.
You block the spark wasp's attack.
Your larval oxshock beast bursts into living lightning!
The living lightning hits the wolf spider!
The living lightning hits the jumping spider!
Your larval oxshock beast blinks! x2
You are very lightly contaminated with residual magic.
You feel better. The wolf spider closely misses you. The wolf spider bites you!
* * * LOW HITPOINT WARNING * * *
The jumping spider barely misses your larval oxshock beast.
The jumping spider bites your larval oxshock beast but does no damage.
You block the demonic crawler's attack.
The demonic crawler completely misses you.
You block the demonic crawler's attack. The spark wasp stings you!!
You die...

...^...........
...............
...........(.....
.................
...........^.....
........^..#.....
.#.....sy.........
.......°..@s..Hs..../.^.
.^...#.....s#...........
..........^#s...........
...##....##........^...
##.......##..........#..
#.....#.##...^........^#
##<....#####..........(..
#^.......##^.............
##........#......#.......


You could see a spark wasp, a demonic crawler, 2 wolf spiders, 2 jumping spiders
and a friendly larval oxshock beast (summoned).

Vanquished Creatures
  Saint Roka (Orc:2)
  Nikola (Spider:1)
  Jorgrun (D:12)
  Gastronok (D:8)
  Frances (D:14)
  An orc warlord (Orc:1)
  Aizul (Spider:1)
  4 dire elephants (Lair:6)
  Erolcha (Orc:1)
  7 boulder beetles
  8 hydras
  7 centaur warriors
  3 vault guards (D:14)
  An anaconda (Lair:6)
  4 two-headed ogres
  A dancing weapon (D:6)
  2 tengu warriors (D:14)
  An orc high priest (Orc:2)
  Sonja (Lair:6)
  Nergalle (Orc:1)
  A skeletal warrior (D:14)
  A fire crab (Lair:6)
  4 orc knights
  Pikel (D:8)
  7 wolf spiders
  6 wizards (D:14)
  A deep elf pyromancer (D:10)
  An orb spider (Spider:1)
  4 orc sorcerers
  A wolf spider (shapeshifter) (D:14)
  6 cyclopes
  4 ugly things (D:14)
  A centaur zombie (D:10)
  10 elephants
  A torpor snail (Lair:5)
  A guardian serpent (D:13)
  3 black mambas
  A merfolk siren (Lair:3)
  Joseph (D:7)
  13 cane toads
  2 tengu conjurers (D:14)
  5 komodo dragons
  Psyche (D:8)
  A demonic crawler (Spider:1)
  3 rime drakes (Lair:3)
  6 trolls
  3 meliai (D:13)
  6 jumping spiders
  A troll (shapeshifter) (D:13)
  3 hornets
  2 slime creatures (D:10)
  3 blink frogs (Lair:2)
  Sigmund (D:6)
  A shadow (D:10)
  9 redbacks (Spider:1)
  6 tarantellas
  Eustachio (D:6)
  3 basilisks
  29 yaks
  2 wraiths
  11 wyverns
  4 vampire mosquitoes
  A steam dragon (Lair:2)
  18 humans (D:14)
  6 wargs
  2 acid dragons
  13 water moccasins
  4 black bears
  A sky beast (D:6)
  2 ice beasts
  39 orc warriors
  9 ogres
  9 centaurs
  A necrophage (D:7)
  7 wolves
  A lemure (D:8)
  A phantom (D:4)
  2 kobold brigands (D:9)
  12 bullfrogs
  A gnoll sergeant (D:11)
  2 water moccasin zombies (Ossuary)
  2 scorpions (D:5)
  A hornet simulacrum (D:14)
  3 killer bees (D:10)
  18 wights
  2 electric eels (Lair:3)
  2 howler monkeys
  2 hounds
  4 bullfrog skeletons
  A jelly (D:8)
  A gnoll shaman (D:8)
  26 orc priests
  Natasha (twice) (D:3)
  3 iguanas
  24 orc wizards
  6 hell rats (Lair:2)
  2 hound skeletons
  2 mummies (Ossuary)
  6 gnolls
  A howler monkey skeleton (D:5)
  17 adders
  19 river rats
  3 shadow imps
  A white imp (D:5)
  An adder zombie (Ossuary)
  5 worms
  The ghost of noodleboyJ the Sneak, a weakling HODe (D:5)
  2 dart slugs (D:1)
  92 orcs
  14 ball pythons
  4 bats
  6 endoplasms
  4 giant cockroaches
  5 goblins
  5 hobgoblins
  11 jackals
  16 kobolds
  16 quokkas
  7 frilled lizards
  4 gnoll zombies (Ossuary)
  6 hobgoblin zombies (Ossuary)
  6 kobold zombies (Ossuary)
  6 orc zombies (Ossuary)
  39 rats
748 creatures vanquished.

Vanquished Creatures (others)
  8 fungi
  15 plants
  2 withered plants (D:5)
25 creatures vanquished.

Grand Total: 773 creatures vanquished

Notes
Turn   | Place    | Note
-------+----------+-------------------------------------------
     0 | D:1      | robertstho the Troll Fighter began the quest for the Orb.
     0 | D:1      | Reached XP level 1. HP: 22/22 MP: 0/0
     0 | D:1      | Found a sparkling altar of Nemelex Xobeh.
   111 | D:1      | Reached XP level 2. HP: 28/29 MP: 1/1
   625 | D:1      | Reached XP level 3. HP: 36/36 MP: 2/2
   927 | D:2      | Reached skill level 3 in Unarmed Combat
   927 | D:2      | Reached XP level 4. HP: 39/45 MP: 3/3
   941 | D:2      | Found a broken altar of Ashenzari.
   945 | D:2      | Found a stormy altar of Qazlal.
   946 | D:2      | Found a sacrificial altar of Ru.
  1023 | D:2      | Found a glowing golden altar of the Shining One.
  1283 | D:2      | Found a bloodstained altar of Trog.
  1290 | D:2      | Noticed an orc warrior
  1295 | D:2      | Killed an orc warrior
  1296 | D:2      | Reached skill level 4 in Unarmed Combat
  1296 | D:2      | Reached XP level 5. HP: 45/53 MP: 4/4
  1307 | D:2      | Reached XP level 6. HP: 46/61 MP: 5/5
  1744 | D:3      | Noticed Natasha
  1764 | D:3      | Killed Natasha
  1840 | D:3      | Reached skill level 5 in Unarmed Combat
  1923 | D:3      | Noticed an ice beast
  1932 | D:3      | Killed an ice beast
  1933 | D:3      | Reached XP level 7. HP: 67/67 MP: 6/6
  2141 | D:3      | Found a glowing drain.
  2145 | Sewer    | Entered a sewer
  2185 | Sewer    | Reached skill level 6 in Unarmed Combat
  2617 | D:3      | Noticed Natasha
  2622 | D:3      | Killed Natasha
  3099 | D:3      | Found a snail-covered altar of Cheibriados.
  3299 | D:4      | Found Soudick's Jewellery Shop.
  3370 | D:4      | Reached XP level 8. HP: 78/78 MP: 7/7
  3438 | D:4      | Found the +2 hat of the Bear Spirit {Spirit, +Rage rN+
                  | Will++}
  3470 | D:4      | Reached skill level 7 in Unarmed Combat
  4072 | D:5      | Entered Level 5 of the Dungeon
  4087 | D:5      | Found a sand-covered staircase.
  4153 | Ossuary  | Entered an ossuary
  4188 | Ossuary  | Reached skill level 8 in Unarmed Combat
  4475 | D:5      | Found the brooch of Shielding {Spirit SH+8}
  4537 | D:5      | Reached skill level 9 in Unarmed Combat
  4612 | D:5      | Found a runed translucent door.
  4654 | D:5      | Noticed noodleboyJ's ghost (weakling HODe)
  4664 | D:5      | Reached XP level 9. HP: 85/85 MP: 8/8
  4913 | D:5      | Killed noodleboyJ's ghost
  4971 | D:6      | Found a runed translucent door.
  4971 | D:6      | Found a shimmering altar of Xom.
  4971 | D:6      | Noticed pokeman's ghost (novice DEWz)
  4971 | D:6      | Noticed a +2 hand axe of chaos
  5110 | D:6      | Noticed Sigmund
  5118 | D:6      | Killed Sigmund
  5221 | D:6      | Noticed Eustachio
  5230 | D:6      | Killed Eustachio
  5459 | D:6      | Cast into level 2 of the Abyss (+2 hand axe of chaos)
  5465 | Abyss:2  | Noticed a lich
  5480 | Abyss:2  | HP: 1/84 [something/bolt of cold (44)]
  5562 | Abyss:2  | Found a corrupted altar of Lugonu.
  5568 | Abyss:2  | Noticed a profane servitor
  5571 | Abyss:2  | Became a worshipper of Lugonu the Unformed
  5571 | Abyss:2  | Reached * piety under Lugonu
  5572 | D:6      | Escaped the Abyss
  5588 | D:6      | Killed a +2 hand axe of chaos
  5589 | D:6      | Reached skill level 5 in Fighting
  5589 | D:6      | Reached skill level 10 in Unarmed Combat
  5612 | D:5      | Upgraded the game from 0.27-a0-819-g058290f16d to
                  | 0.27-a0-828-g8289197e94
  5695 | D:7      | Noticed Joseph
  5708 | D:7      | Reached skill level 5 in Dodging
  5730 | D:7      | Killed Joseph
  6019 | D:7      | Found a staircase to the Ecumenical Temple.
  6070 | D:7      | Reached skill level 5 in Shields
  6072 | D:7      | Reached skill level 1 in Stealth
  6072 | D:7      | Reached XP level 10. HP: 96/96 MP: 7/9
  6410 | D:8      | Reached skill level 11 in Unarmed Combat
  6653 | D:8      | Found a staircase to the Lair.
  6817 | D:8      | Noticed Pikel
  6821 | D:8      | Noticed Gastronok
  6827 | D:8      | Killed Pikel
  6827 | D:8      | Reached ** piety under Lugonu
  6838 | D:8      | Killed Gastronok
  6839 | D:8      | Reached skill level 12 in Unarmed Combat
  6976 | D:8      | Noticed Psyche
  6984 | D:8      | Killed Psyche
  7479 | D:9      | Reached XP level 11. HP: 105/105 MP: 10/10
  7887 | D:10     | Entered Level 10 of the Dungeon
  7983 | D:10     | Found Torirhul's General Store.
  7996 | D:10     | Reached skill level 1 in Evocations
  8165 | D:10     | Noticed a centaur warrior
  8180 | D:10     | Killed a centaur warrior
  8181 | D:10     | Reached skill level 13 in Unarmed Combat
  8323 | D:10     | Found the ring of the Mage {Wiz Will++ Int+3}
  8331 | D:10     | Noticed a centaur warrior
  8338 | D:10     | Noticed a deep elf pyromancer
  8343 | D:10     | Killed a centaur warrior
  8344 | D:10     | Noticed a centaur warrior
  8356 | D:10     | Killed a centaur warrior
  8356 | D:10     | Reached *** piety under Lugonu
  8360 | D:10     | Killed a deep elf pyromancer
  8594 | D:10     | Found a staircase to the Orcish Mines.
  8608 | D:10     | Found Ethroene's Armour Boutique.
  9045 | Orc:1    | Entered Level 1 of the Orcish Mines
  9045 | Orc:1    | Noticed Nergalle
  9058 | Orc:1    | Killed Nergalle
  9059 | Orc:1    | Reached skill level 1 in Armour
  9062 | Orc:1    | Noticed Erolcha
  9125 | Orc:1    | Killed Erolcha
  9126 | Orc:1    | Reached XP level 12. HP: 118/118 MP: 11/11
  9195 | Orc:1    | Reached skill level 14 in Unarmed Combat
  9281 | Orc:1    | Found a transporter.
  9285 | Orc:1    | Noticed a white very ugly thing
  9466 | Orc:1    | Found a transporter.
  9649 | Orc:2    | Entered Level 2 of the Orcish Mines
  9659 | Orc:2    | Reached **** piety under Lugonu
  9681 | Orc:2    | Noticed a two-headed ogre
  9693 | Orc:2    | Killed a two-headed ogre
  9855 | Orc:2    | Reached ***** piety under Lugonu
  9858 | Orc:2    | Noticed Saint Roka
 10013 | Orc:2    | Killed Saint Roka
 10014 | Orc:2    | Reached skill level 15 in Unarmed Combat
 10034 | Orc:2    | Found a staircase to the Elven Halls.
 10036 | Orc:2    | Noticed an orc high priest
 10053 | Orc:2    | Killed an orc high priest
 10088 | Orc:2    | Found Xeamarch's Antique Weapon Boutique.
 10228 | Orc:2    | Reached XP level 13. HP: 124/127 MP: 10/12
 10229 | Orc:2    | Found Itroe's General Store.
 10323 | Orc:2    | Found Colaesuxam's Antique Armour Boutique.
 10330 | Orc:2    | Bought an embroidered cloak for 210 gold pieces
 10489 | Orc:2    | Found Horaiw's Book Boutique.
 10759 | Orc:1    | Noticed an orc warlord
 10849 | Orc:1    | Killed an orc warlord
 11045 | Lair:1   | Entered Level 1 of the Lair of Beasts
 11191 | Lair:1   | Identified the +8 flail "Vud Ybum" {drain, rElec Will+
                  | Int+3}
 12252 | Lair:2   | Reached skill level 1 in Maces & Flails
 12270 | Lair:2   | Reached skill level 1 in Invocations
 12639 | Lair:2   | Reached ****** piety under Lugonu
 13233 | Lair:3   | Reached skill level 16 in Unarmed Combat
 13498 | Lair:3   | Found a staircase to the Shoals.
 13568 | Lair:3   | Found a hole to the Spider Nest.
 14602 | Lair:4   | You fall into a shaft and drop 2 floors!
 14602 | Lair:6   | Entered Level 6 of the Lair of Beasts
 14620 | Lair:6   | Found a staircase to the Slime Pits.
 14839 | Lair:6   | Noticed Sonja
 14853 | Lair:6   | Killed Sonja
 15019 | Lair:6   | Reached XP level 14. HP: 92/137 MP: 9/15
 16961 | Lair:6   | Reached skill level 5 in Maces & Flails
 18076 | D:12     | Found an iron altar of Okawaru.
 18237 | D:12     | Found a radiant altar of Vehumet.
 18488 | D:12     | Noticed Jorgrun
 18504 | D:12     | Killed Jorgrun
 19048 | D:13     | Reached skill level 5 in Armour
 19931 | D:14     | Reached XP level 15. HP: 144/148 MP: 15/17
 20285 | D:14     | Reached skill level 10 in Shields
 20424 | D:14     | Noticed Frances
 20448 | D:14     | Killed Frances
 20465 | D:14     | Reached skill level 5 in Invocations
 20712 | D:14     | Found a gate to the Vaults.
 21408 | Spider:1 | Entered Level 1 of the Spider Nest
 21456 | Spider:1 | Noticed Nikola
 21495 | Spider:1 | Killed Nikola
 22050 | Spider:1 | Noticed Aizul
 22179 | Spider:1 | Killed Aizul
 22195 | Spider:1 | Reached skill level 10 in Fighting
 22533 | Spider:2 | Slain by a spark wasp

Illustrated notes

Levels and vault maps discovered:
D:1:      sevenhm_arrival_forest_fort_small_6, layout_loops_cross
D:2:      layout_basic, nicolae_overflow_crystal_walls, tso_altar,
          grunt_temple_overflow_open
D:3:      minmay_wonky_spiral, layout_basic, lemuel_coloured_pillars_altar,
          gup_sewer_entry_spiral, uniq_natasha
D:4:      layout_cave_pods, serial_shops, nicolae_shop_crystal,
          nicolae_underground_beach
D:5:      layout_cave_pools, gammafunk_ghost_grave,
          nicolae_ossuary_entry_false_entrances, minmay_misc_feat_ornament
D:6:      layout_cave_pools, ebering_ghost_xom, chequers_serial_rivers_marsh,
          uniq_sigmund, uniq_eustachio
D:7:      layout_basic, temple_fountains, uniq_joseph
D:8:      layout_loops_corners, lair_entry_dummy, special_room
          [special_room_orc], uniq_gastronok, uniq_psyche, uniq_pikel
D:9:      layout_cave_pools
D:10:     minmay_the_grid_octo_tiled_octocenter [minmay_the_grid_octo_checkered,
          minmay_the_grid_octo_empty, minmay_the_grid_octo_tetromino_candy,
          minmay_the_grid_octo_focus, minmay_the_grid_octo_prize_single_spiral,
          minmay_the_grid_square_5x5_tie, minmay_the_grid_square_5x5_tri_point,
          minmay_the_grid_square_5x5_sharp_hourglass,
          minmay_the_grid_square_5x5_longway], layout_long_grid, orc_0_dummy,
          serial_shops, shop, shop
D:11:     layout_basic, st_stairs_10
D:12:     layout_basic, basic_altar, lemuel_tele_altar, uniq_jorgrun
D:13:     layout_stronghold, nrook_guardian_serpent_ordinary
D:14:     layout_grid_maze, grunt_vaults_entry_tiered, minmay_diced_spiral,
          uniq_frances
Lair:1:   layout_cave_pods
Lair:2:   lemuel_ratsnest, layout_small_grid, grunt_megastairs_1,
          infiniplex_staircase_pool
Lair:3:   layout_roguey, elwin_shoals_entry_rooms, spider_nest_entry_web_field,
          lemuel_fruit_tree
Lair:4:   layout_gridlike, serial_rivers, chequers_serial_rivers_small_3,
          chequers_serial_rivers_room_b, chequers_serial_rivers_room_b,
          chequers_serial_rivers_small_b, chequers_serial_rivers_micro_d,
          chequers_serial_rivers_large_a
Lair:5:   layout_roguey, amcnicky_mini_pool_medium
Lair:6:   due_jungle_book, layout_cave_pods, slime_dummy, uniq_sonja
Spider:1: nicolae_spider_mines_3, drop_trap, uniq_aizul, uniq_nikola
Spider:2: layout_spider_delve, uniq_arachne
Orc:1:    layout_diamond_mine, gammafunk_ghost_abyssal_escape, uniq_erolcha,
          uniq_nergalle
Orc:2:    grunt_orc_cross, layout_caves

Skill      XL: |  1  2  3  4  5  6  7  8  9 10 11 12 13 14 15 |
---------------+----------------------------------------------+-----
Fighting       | 3 4 5 6 7 8 9 10 | 10.0
Unarmed Combat | 3 4 5 6 9 10 12 13 15 16 | 16.9
Dodging        | 3 4 5 6 7 |  7.8
Shields        | 3 4 5 7 8 9 10 | 10.5
Stealth        | 1 |  1.4
Evocations     | 1 2 |  2.5
Armour         | 1 2 3 5 6 |  6.1
Maces & Flails | 3 6 7 |  7.2
Invocations    | 2 4 5 |  5.7
Throwing       | |  0.5

Action                   |  1- 3 |  4- 6 |  7- 9 | 10-12 | 13-15 || total
-------------------------+-------+-------+-------+-------+-------++-------
Melee: Unarmed           |    95 |   115 |   492 |   568 |   130 ||  1400
       Flail             |       |       |       |       |  1415 ||  1415
Throw: Large rock        |       |       |       |       |    19 ||    19
Invok: Depart the Abyss  |       |       |     1 |       |       ||     1
 Abil: Evoke Berserk Rag |       |       |     2 |    12 |    17 ||    31
Evoke: Box of beasts     |       |       |       |     1 |     2 ||     3
       Phantom mirror    |       |       |       |       |     2 ||     2
       Wand              |       |       |       |       |     5 ||     5
       Tin of tremorston |       |       |       |       |     2 ||     2
  Use: Scroll            |     1 |       |    11 |     5 |    21 ||    38
       Potion            |       |       |     3 |       |     9 ||    12
 Stab: Sleeping          |       |       |       |     1 |     2 ||     3
       Distracted        |       |       |       |     1 |       ||     1
Armor: Robe              |    37 |    30 |   273 |    44 |       ||   384
       Troll leather arm |       |       |       |    57 |   694 ||   751
Dodge: Dodged            |    32 |    34 |   212 |   114 |   591 ||   983
Block: Kite shield       |    29 |    53 |   363 |   449 |  1944 ||  2838

Table legend: (Time is in decaauts)
 A = Elapsed time spent in this place.
 B = Non-inter-level travel time spent in this place.
 C = Inter-level travel time spent in this place.
 D = Time resting spent in this place.
 E = Time spent auto-exploring this place.
 F = Levels seen in this place.
 G = Mean time per level.
                   A        B        C        D        E       F      G
               +--------+--------+--------+--------+--------+-----+--------+
         Total |  23068 |  21706 |   1362 |   1634 |  14825 |  27 |  854.4 |
       Dungeon |  12698 |  11948 |    750 |    551 |   8690 |  14 |  907.0 |
          Lair |   6709 |   6246 |    463 |    397 |   4542 |   6 | 1118.2 |
   Spider Nest |   1153 |   1088 |     65 |    335 |    418 |   2 |  576.5 |
  Orcish Mines |   1864 |   1781 |     83 |    331 |    867 |   2 |  932.0 |
         Abyss |    112 |    112 |      0 |     19 |     48 |   1 |  112.0 |
         Sewer |    343 |    343 |      0 |      0 |    166 |   1 |  343.0 |
       Ossuary |    185 |    185 |      0 |      0 |     93 |   1 |  185.0 |
               +--------+--------+--------+--------+--------+-----+--------+

Top non-repeatable levels by time:
  Lair:6: 1628 daAuts
    D:14: 1272 daAuts
     D:3: 1266 daAuts
    D:10: 1260 daAuts
    D:13: 1202 daAuts
  Lair:2: 1184 daAuts
     D:8: 1107 daAuts
Spider:1: 1097 daAuts
     D:2: 1027 daAuts
  Lair:4: 1022 daAuts
  Lair:1: 970 daAuts
  Lair:5: 966 daAuts
   Orc:2: 962 daAuts
  Lair:3: 936 daAuts
   Orc:1: 902 daAuts
